 Dungeon Crawl Stone Soup version 0.30-a0-165-g1891117ce2 (webtiles) character file.

Game seed: 6695889445663116255

130 qw the Chopper (level 5, 0/32 HPs)
             Began as a Gargoyle Fighter on Sept 28, 2022.
             Slain by Pargi (4 damage)
             ... on level 3 of the Dungeon.
             The game lasted 00:01:11 (3230 turns).

qw the Chopper (Gargoyle Fighter)                   Turns: 3230, Time: 00:01:12

Health: 0/32       AC: 14    Str: 21    XL:     5   Next: 13%
Magic:  5/5        EV:  7    Int:  9    God:
Gold:   103        SH:  4    Dex:  9    Spells: 4/4 levels left

rFire   . . .      SeeInvis .    Y - +0 war axe
rCold   . . .      Faith    .    c - +0 buckler
rNeg    + . .      Spirit   .    i - +0 chain mail
rPois   inf        Reflect  .    (no helmet)
rElec   +          Harm     .    (no cloak)
rCorr   .          Rampage  .    h - +0 pair of gloves
Will    .....                    (no boots)
Stlth   ..........               (no amulet)
HPRegen 0.10/turn                (no ring)
MPRegen 0.09/turn                (no ring)

@: no status effects
A: sickness immunity, AC +4, negative energy resistance 1, electricity
resistance, torment resistance 1, petrification resistance
a: no special abilities


You were on level 3 of the Dungeon.
You visited 1 branch of the dungeon, and saw 3 of its levels.

You collected 151 gold pieces.
You spent 48 gold pieces at shops.


Innate Abilities, Weirdness & Mutations

You are immune to sickness and miasma.
Your stone body is resilient. (AC +4)
You are immune to poison.
You resist negative energy. (rN+)
You are resistant to electric shocks. (rElec)
You are resistant to unholy torment.
You are immune to petrification.


   Skills:
 - Level 3.2 Fighting
 + Level 4.7 Axes
 - Level 3.2 Armour
 - Level 3.2 Shields


You had 4 spell levels left.
You didn't know any spells.
Your spell library was empty.

Inventory:

Hand Weapons
 n - a +0 morningstar
 Y - a +0 war axe (weapon)
Armour
 c - a +0 buckler (worn)
 h - a +0 pair of gloves (worn)
 i - a +0 chain mail (worn)
 l - a +0 plate armour
Scrolls
 b - a scroll of torment {unknown}
 f - a scroll of amnesia {unknown}
 j - a scroll of identify
Potions
 a - 3 potions of attraction
 d - 2 potions of might
 e - a potion of curing
 g - a potion of heal wounds {unknown}
 k - a potion of cancellation {unknown}
 m - a potion of mutation {unknown}

Dungeon Overview and Level Annotations

Branches:
Dungeon (3/15)

Altars:
Sif Muna
The Shining One

Shops:
D:2 ?

Annotations:
D:3 1 runed translucent door, Crazy Yiuf, Pargi


Message History

You miss Pargi.
Pargi is almost dead.
Pargi bites you!
Pargi claws you but does no damage. x2; Pargi bites you.
Pargi closely misses you. You block Pargi's attack.
You hit Pargi.
Pargi is almost dead.
Pargi bites you but does no damage. Pargi claws you.
Pargi claws you but does no damage.
You closely miss Pargi.
Pargi is almost dead.
Pargi barely misses you. x2; Pargi claws you but does no damage.
You hit Pargi.
Pargi is almost dead.
Pargi bites you!
Pargi claws you but does no damage. x2; Pargi bites you.
Pargi claws you but does no damage. x2
You closely miss Pargi.
Pargi is almost dead.
Pargi completely misses you. Pargi claws you but does no damage.
You block Pargi's attack.
You closely miss Pargi.
Pargi is almost dead.
Pargi completely misses you. Pargi claws you but does no damage. x2
You hit Pargi but do no damage.
Pargi is almost dead.
Pargi bites you but does no damage. Pargi claws you but does no damage.
Pargi claws you.
You hit Pargi.
Pargi is almost dead.
Pargi bites you but does no damage. Pargi barely misses you. x2
Pargi bites you but does no damage. Pargi claws you but does no damage. x2
You closely miss Pargi.
Pargi is almost dead.
You block Pargi's attack. Pargi claws you but does no damage. Pargi claws you.
You barely miss Pargi.
Pargi is almost dead.
Pargi barely misses you. Pargi claws you but does no damage. x2
You hit Pargi.
Pargi is almost dead.
Pargi bites you.
You die...

### #.## #########
.#.########.......#
###.........#####.#
# ##.######## #.#
##.###########.# #
##............@.#
###.......####.T###
.#.######.# #..
#.........# #..
..######..# #.. #.#
#..# #.. #.# #..#
#.. #.# #..# #..
#.# #.##


You could see Pargi.

Vanquished Creatures
  Ijyb (D:3)
  2 worms (D:2)
  2 dart slugs
  5 orcs (D:3)
  8 endoplasms
  4 giant cockroaches
  11 goblins
  10 hobgoblins
  3 jackals (D:1)
  5 quokkas
  8 ball pythons
  9 bats
  A frilled lizard (D:1)
  5 kobolds
  6 rats
80 creatures vanquished.

Notes
Turn   | Place    | Note
-------+----------+-------------------------------------------
     0 | D:1      | qw the Gargoyle Fighter began the quest for the Orb.
     0 | D:1      | Reached XP level 1. HP: 14/14 MP: 1/1
     0 | D:1      | 0 ||| qw: Version: 0.2-a-12-gaebbb33
     0 | D:1      | 0 ||| qw: Game counter: 924
     0 | D:1      | 0 ||| qw: Always use a shield: true
     0 | D:1      | 0 ||| qw: God list: Okawaru
     0 | D:1      | 0 ||| qw: Allow faded altars: false
     0 | D:1      | 0 ||| qw: Do Orc after D:15 true
     0 | D:1      | 0 ||| qw: Do second Lair branch before Depths: true
     0 | D:1      | 0 ||| qw: Lair rune preference: random
     0 | D:1      | 0 ||| qw: Plans: Normal, Zot:1-4, God:TSO, Crypt, Tomb,
                  | Pan, Slime:5, Hells, Abyss, Orb
     0 | D:1      | 0 ||| PLANNING D:1-11
    60 | D:1      | Reached skill level 2 in Axes
   244 | D:1      | Reached XP level 2. HP: 19/19 MP: 2/2
   399 | D:1      | 399 ||| Stepping ~*~*~tactically~*~*~ (hiding).
   515 | D:1      | Found a faded altar of an unknown god.
   562 | D:1      | Reached skill level 3 in Axes
   653 | D:1      | Reached XP level 3. HP: 23/23 MP: 3/3
   756 | D:1      | 756 ||| Stepping ~*~*~tactically~*~*~ (stealth).
  1196 | D:1      | 1196 ||| UPGRADING to +0 pair of gloves.
  1201 | D:1      | 1201 ||| UPGRADING to +0 chain mail.
  1211 | D:1      | 1211 ||| DROPPING +0 scale mail.
  1212 | D:1      | 1212 ||| DROPPING +2 ring mail of willpower.
  1213 | D:1      | 1213 ||| READING scroll labelled ODEEFI ROTA.
  1240 | D:2      | 1240 ||| STAIRDANCE
  1350 | D:2      | 1350 ||| Stepping ~*~*~tactically~*~*~ (stealth).
  1351 | D:2      | 1351 ||| Stepping ~*~*~tactically~*~*~ (stealth).
  1352 | D:2      | 1352 ||| Stepping ~*~*~tactically~*~*~ (stealth).
  1394 | D:2      | Found a shimmering blue altar of Sif Muna.
  1820 | D:2      | 1820 ||| Stepping ~*~*~tactically~*~*~ (stealth).
  1823 | D:2      | Reached XP level 4. HP: 25/28 MP: 4/4
  1841 | D:2      | 1841 ||| Stepping ~*~*~tactically~*~*~ (stealth).
  2004 | D:2      | Found Acaruny's Magic Scroll Shop.
  2007 | D:2      | 2007 ||| BUYING scroll of identify (24 gold).
  2007 | D:2      | Bought a scroll of identify for 24 gold pieces
  2007 | D:2      | 2007 ||| BUYING scroll of identify (24 gold).
  2007 | D:2      | Bought a scroll of identify for 24 gold pieces
  2245 | D:2      | 2245 ||| READING scroll labelled JYHAAT NADD.
  2246 | D:2      | 2246 ||| READING scroll labelled XAEVUA GUZUPP.
  2247 | D:2      | 2247 ||| READING scroll labelled MUBEVE DEMO.
  2250 | D:2      | 2250 ||| DRINKING 4 puce potions.
  2251 | D:2      | 2251 ||| READING 4 scrolls of identify.
  2251 | D:2      | 2251 ||| IDENTIFYING emerald potion
  2252 | D:2      | 2252 ||| READING 3 scrolls of identify.
  2252 | D:2      | 2252 ||| IDENTIFYING ruby potion
  2253 | D:2      | 2253 ||| READING 2 scrolls of identify.
  2253 | D:2      | 2253 ||| IDENTIFYING purple potion
  2254 | D:2      | 2254 ||| DROPPING potion of flight.
  2255 | D:2      | 2255 ||| DROPPING potion of degeneration.
  2272 | D:3      | Found a glowing golden altar of the Shining One.
  2320 | D:3      | Noticed Ijyb
  2321 | D:3      | 2321 ||| Stepping ~*~*~tactically~*~*~ (hiding).
  2333 | D:3      | Killed Ijyb
  2334 | D:3      | Reached skill level 4 in Axes
  2383 | D:3      | Found a runed translucent door.
  2384 | D:3      | Noticed Crazy Yiuf
  2679 | D:3      | 2679 ||| Stepping ~*~*~tactically~*~*~ (hiding).
  2821 | D:3      | 2821 ||| Stepping ~*~*~tactically~*~*~ (stealth).
  2828 | D:3      | Reached XP level 5. HP: 30/32 MP: 5/5
  2887 | D:3      | 2887 ||| Stepping ~*~*~tactically~*~*~ (stealth).
  2975 | D:3      | 2975 ||| DROPPING +0 whip.
  3213 | D:3      | Noticed Pargi
  3223 | D:3      | HP: 6/32 [Pargi (6)]
  3228 | D:3      | HP: 4/32 [Pargi (1)]
  3230 | D:3      | Slain by Pargi

Levels and vault maps discovered:
D:1:      dpeg_arrival_simpleton_b, layout_loops_ring,
          chequers_ecumenical_altar_island, hangedman_decor_push
D:2:      minmay_wonky_spiral, layout_loops_cross, basic_altar, serial_shops,
          nicolae_shop_behind_doors, corexii_leaking_fountain,
          dreamdust_wishing_well, minmay_misc_feat_encased,
          chequers_serial_rivers_micro_e
D:3:      cheibrodos_greedy_goblins, layout_loops_ring,
          mainiacjoe_overflow_concentric_impassable, uniq_ijyb, uniq_pargi,
          uniq_crazy_yiuf_cottage

Skill      XL: |  1  2  3  4 |
---------------+-------------+-----
Axes           | 2 3 4 |  4.7
Fighting       | |  3.2
Armour         | |  3.2
Shields        | |  3.2

Action                   |  1- 3 |  4- 6 || total
-------------------------+-------+-------++-------
Melee: War axe           |   116 |   100 ||   216
  Use: Scroll            |     1 |     6 ||     7
       Potion            |       |     1 ||     1
Armor: Scale mail        |    40 |       ||    40
       Chain mail        |    22 |    80 ||   102
Dodge: Dodged            |    45 |    41 ||    86
Block: Buckler           |    20 |    15 ||    35

Table legend:
 A = Non-vault XP
 B = Vault XP
 C = Vault XP percentage of total XP
 D = Non-vault monster count
 E = Vault monster count
 F = Vault count percentage of total count
                 A         B        C        D         E       F
            +---------+---------+-------+---------+---------+-------
      Total |     129 |      57 |  30.6 |      67 |      13 |  16.2
            +---------+---------+-------+---------+---------+-------
        D:1 |      51 |       0 |   0.0 |      28 |       0 |   0.0
        D:2 |      43 |       2 |   4.4 |      24 |       2 |   7.7
        D:3 |      35 |      55 |  61.1 |      15 |      11 |  42.3
            +---------+---------+-------+---------+---------+-------
